 Dungeon Crawl Stone Soup version 0.24.1-8-ga250c9d538 (webtiles) character file.

Game seed: 15023527209472590349, levelgen mode: deterministic

63 Lemonice the Sneak (level 3, 0/19 HPs)
             Began as a Vampire Enchanter on Apr 28, 2020.
             Slain by an adder (4 damage)
             ... on level 3 of the Dungeon.
             The game lasted 00:04:03 (1829 turns).

Lemonice the Sneak (Vampire Enchanter)              Turns: 1829, Time: 00:04:04

Health: 0/19       AC:  3    Str:  8    XL:     3   Next: 89%
Magic:  5/6        EV: 13    Int: 17    God:
Gold:   114        SH:  0    Dex: 14    Spells: 2/6 levels left

rFire    . . .     SeeInvis +   a - +1 dagger
rCold    + + .     Gourm    .   (no shield)
rNeg     + + +     Faith    .   b - +0 robe
rPois    ∞         Spirit   .   (no helmet)
rElec    .         Reflect  .   (no cloak)
rCorr    .         Harm     .   (no gloves)
MR       .....                  g - +0 pair of boots
Stlth    +++++.....             (no amulet)
HPRegen  0.00/turn              (no ring)
MPRegen  0.10/turn              (no ring)

@: very slightly contaminated, bloodless
A: no food, fangs 3, see invisible, unbreathing
a: Bat Form, Revivify


You were on level 3 of the Dungeon.
You were bloodless.

You visited 1 branch of the dungeon, and saw 3 of its levels.

You collected 114 gold pieces.

Inventory:

Hand Weapons
 a - a +1 dagger (weapon)
Missiles
 i - 25 poisoned darts (quivered)
 l - 5 atropa-tipped darts
Armour
 b - a +0 robe (worn)
 g - a +0 pair of boots (worn)
Jewellery
 n - an uncursed ring of wizardry {unknown}
Wands
 o - a wand of clouds (6)
Scrolls
 d - a scroll of amnesia {unknown}
 e - 2 scrolls of identify {unknown}
 h - a scroll of enchant armour {unknown}
 j - a scroll of fog {unknown}
Potions
 c - a potion of haste {unknown}
 f - 2 potions of cancellation {unknown}
 k - a potion of heal wounds {unknown}
 m - 3 potions of curing {unknown}


   Skills:
 + Level 0.1 Fighting
 + Level 2.1 Short Blades
 + Level 2.6 Dodging
 + Level 5.5 Stealth
 + Level 2.2 Spellcasting
 + Level 5.1 Hexes
 + Level 0.2 Ice Magic


You had 2 spell levels left.
You knew the following spells:

 Your Spells              Type           Power        Failure   Level  Hunger
a - Corona                Hex            ###....      2%          1    N/A
b - Ensorcelled Hibernat  Hex/Ice        ##....       10%         2    N/A
c - Confusing Touch       Hex            ###...       2%          1    N/A

Your spell library contained the following spells:

 Spells                   Type           Power        Failure   Level  Hunger
 Confuse                  Hex            ###.....     7%          3    N/A
 Tukima's Dance           Hex            ###.....     7%          3    N/A
 Dazzling Spray           Conj/Hex       ##....       21%         3    N/A
 Gell's Gravitas          Tloc           #.........   50%         3    N/A
 Metabolic Englaciation   Hex/Ice        ##........   87%         5    N/A
 Petrify                  Tmut/Erth      #.......     88%         4    N/A
 Yara's Violent Unravell  Hex/Tmut       ##........   88%         5    N/A

Dungeon Overview and Level Annotations

Branches:
Dungeon (3/15)

Altars:


Innate Abilities, Weirdness & Mutations

You do not eat.
You do not regenerate when monsters are visible.
You are frail without blood (-20% HP).
You can heal yourself when you bite living creatures.
You are immune to poison.
You have razor-sharp teeth.
You have supernaturally acute eyesight. (SInv)
You can survive without breathing.


Message History

The adder is moderately wounded.
The adder bites you but does no damage. The adder bites you.
You barely miss the adder. Your bite misses the adder.
The adder is moderately wounded.
The adder closely misses you.
You hit the adder.
The adder is heavily wounded.
The adder bites you.
You barely miss the adder.
The adder is heavily wounded.
The adder bites you.
You hit the adder.
The adder is severely wounded.
The adder closely misses you.
You hit the adder. Your bite misses the adder.
The adder is almost dead.
The adder bites you.
* * * LOW HITPOINT WARNING * * *
The adder bites you.
You die...

.#.# #. #. ....
....#. ..#..#.##.
..#.......########
####l#.##.#
#<.......
####...?..##.#
#.####.##
........####.# #.#
.......).#†.Y###.#
............lS@..#
###......#.#######
....####.#.# ###.
..#.# # ####.# ..#
###


You could see a sky beast, an adder and a leopard gecko.

Vanquished Creatures
  2 adders (D:2)
  2 dart slugs (D:1)
  5 leopard geckos
  9 goblins
  4 hobgoblins
  6 bats
  4 frilled lizards
  4 kobolds
  3 rats (D:2)
39 creatures vanquished.

Notes
Turn   | Place    | Note
-------+----------+-------------------------------------------
     0 | D:1      | Lemonice the Vampire Enchanter began the quest for the Orb.
     0 | D:1      | Reached XP level 1. HP: 13/13 MP: 3/3
   159 | D:1      | Reached XP level 2. HP: 4/15 MP: 3/5
   378 | D:1      | Learned a level 2 spell: Ensorcelled Hibernation
   646 | D:1      | Reached skill level 5 in Stealth
   678 | D:1      | Reached skill level 5 in Hexes
   931 | D:2      | Reached XP level 3. HP: 19/19 MP: 2/6
  1767 | D:2      | Learned a level 1 spell: Confusing Touch
  1805 | D:3      | Noticed a sky beast
  1829 | D:3      | Slain by an adder

Levels and vault maps discovered:
D:1:      matt_arrival_spirals, layout_basic
D:2:      layout_basic
D:3:      layout_basic, kennysheep_slug_shrine, first_ration,
          mrwooster_statue_mirror

Skill      XL: |  1  2  3 |
---------------+----------+-----
Stealth        | 5 |  5.5
Hexes          | 5 |  5.1
Short Blades   | 2 |  2.1
Fighting       | |  0.1
Dodging        | |  2.6
Spellcasting   | |  2.2
Ice Magic      | |  0.2

Action                   || total
-------------------------++-------
Melee: Dagger            ||   124
       Bite              ||     4
 Cast: Corona            ||     1
       Ensorcelled Hiber ||    11
 Abil: Exsanguinate      ||     1
 Stab: Sleeping          ||    21
       Distracted        ||     1
Armor: Robe              ||    30
Dodge: Dodged            ||   114
